 Dungeon Crawl Stone Soup version 0.30-a0-1082-g70414cbcbb (webtiles) character file.

Game seed: 16631350396776754022

153 Lusmu the Grave Robber (level 5, 0/28 HPs)
             Began as a Tengu Necromancer on Apr 15, 2023.
             Slain by a bullfrog (6 damage)
             ... on level 4 of the Dungeon.
             The game lasted 00:15:07 (3114 turns).

Lusmu the Grave Robber (Tengu Necromancer)          Turns: 3114, Time: 00:15:08

Health: 0/28       AC:  2    Str: 10    XL:     5   Next: 35%
Magic:  10/10      EV: 15    Int: 17    God:
Gold:   181        SH:  0    Dex: 20    Spells: 9/10 levels left

rFire   . . .      SeeInvis .    k - +5 dagger of Outrage {speed, rC- Str+2 Dex+5}
rCold   x . .      Faith    .    (no shield)
rNeg    . . .      Spirit   .    a - +0 robe
rPois   .          Reflect  .    (helmet restricted)
rElec   .          Rampage  .    (no cloak)
rCorr   .                        (no gloves)
Will    .....                    (boots unavailable)
Stlth   +++                      (no amulet)
HPRegen 0.24/turn                (no ring)
MPRegen 0.12/turn                (no ring)

@: flying quickly and evasively, hasted, very quick
A: beak, talons 3, nimble flight
a: no special abilities


You were on level 4 of the Dungeon.
You visited 1 branch of the dungeon, and saw 6 of its levels.

You collected 181 gold pieces.

Inventory:

Hand Weapons
 b - a +0 short sword of draining
 h - a +0 sling
 k - the +5 dagger of Outrage (weapon) {speed, rC- Str+2 Dex+5}
   (You found it on level 3 of the Dungeon)

   Str:       It affects your strength (+2).
   Dex:       It affects your dexterity (+5).
   rC:        It makes you vulnerable to cold.
Missiles
 g - a poisoned dart
Armour
 a - a +0 robe (worn)
Jewellery
 n - the Hermit's Pendant {Faith Invo=14 Evo=0 MP+5}
   (You took it off a hobgoblin on level 2 of the Dungeon)

   [amulet of faith]

   Invo=14: It sets your Invocations skill to 14.
   Evo=0: It sets your Evocations skill to 0.
   It allows you to gain divine favour quickly.
   MP:        It affects your magic capacity (+5).
Wands
 c - a wand of charming (9)
Scrolls
 d - a scroll of teleportation {unknown}
 e - a scroll of amnesia {unknown}
 l - 2 scrolls of identify
Potions
 f - a potion of haste
 i - a potion of curing {unknown}
 j - a potion of lignification
 m - 2 potions of might
 o - a potion of cancellation {unknown}


   Skills:
 - Level 2.1 Dodging
 + Level 3.6 Stealth
 + Level 3.2 Spellcasting
 + Level 5.4 Necromancy


You had 9 spell levels left.
You knew the following spells:

 Your Spells              Type           Power      Damage    Failure   Level
a - Necrotise             Necr           84%        1d8       1%          1

Your spell library contained the following spells:

 Spells                   Type           Power      Damage    Failure   Level
 Vampiric Draining        Necr           21%        2d7       5%          3
 Sandblast                Erth           4%         2d4       17%         1
 Summon Small Mammal      Summ           8%         N/A       17%         1
 Animate Dead             Necr           21%        N/A       19%         4
 Blink                    Tloc           4%         N/A       26%         2
 Lesser Beckoning         Tloc           4%         N/A       26%         2
 Momentum Strike          Conj/Tloc      4%         3d8       26%         2
 Passwall                 Tmut/Erth      1%         N/A       26%         2
 Call Canine Familiar     Summ           2%         N/A       45%         3
 Stone Arrow              Conj/Erth      4%         3d7       45%         3
 Summon Guardian Golem    Hex/Summ       2%         N/A       45%         3
 Agony                    Necr           21%        N/A       45%         5


Dungeon Overview and Level Annotations

Branches:
Dungeon (6/15)
 Temple: D:4-7

Altars:
Cheibriados
Sif Muna

Shops:
D:1 [


Innate Abilities, Weirdness & Mutations

You have a beak for a mouth.
You have claws for feet.
Your magical nature lets you fly swiftly and evasively.


Message History

The bullfrog attacks as you move away! The bullfrog hits you!
The ice beast completely misses you.
The bullfrog hits you but does no damage.
The bullfrog hits you.
You see here 2 stones.
The bullfrog misses you. The bullfrog barely misses you.
The bullfrog attacks as you move away! The bullfrog closely misses you.
The bullfrog attacks as you move away! The bullfrog closely misses you. x2
There is a stone staircase leading up here.
The bullfrog closely misses you. The bullfrog barely misses you.
You fly upwards.
The ogre shouts!
The adder hisses angrily.
Found 11 gold pieces.
There is a stone staircase leading down here.
The bullfrog attacks as you move away! The bullfrog misses you.
The bullfrog attacks as you move away! The bullfrog barely misses you.
Found a stone staircase leading up.
The bullfrog misses you. The bullfrog attacks as you move away!
The bullfrog hits you!
* * * LOW HITPOINT WARNING * * *
Found a blackened lead wand.
The ogre misses you.
You see here 11 gold pieces.
The bullfrog attacks as you move away!
The bullfrog hits you but does no damage.
The bullfrog barely misses you. The bullfrog attacks as you move away!
The bullfrog closely misses you. The bullfrog closely misses you.
There is a stone staircase leading up here.
The bullfrog hits you.
* * * LOW HITPOINT WARNING * * *
The bullfrog closely misses you.
You fly upwards.
There is a stone staircase leading down here.
You feel yourself speed up. The bullfrog barely misses you.
You puncture the bullfrog! You claw the bullfrog!
Your punch misses the bullfrog.
The bullfrog is severely wounded.
The bullfrog hits you.
You die... #..####### #......@F# #.######.# .# .# .# .# .# ##

You could see a bullfrog.

Vanquished Creatures
  A sleepcap (D:6)
  Ijyb (D:2)
  4 adders
  An ufetubus (D:3)
  A dart slug (D:1)
  An orc (D:3)
  6 ball pythons
  5 bats
  5 endoplasms
  A giant cockroach (D:1)
  9 goblins
  5 hobgoblins
  A quokka (D:1)
  3 frilled lizards
  6 kobolds
  4 rats
54 creatures vanquished.

Vanquished Creatures (collateral kills)
  A goblin (D:1)
1 creature vanquished.

Grand Total: 55 creatures vanquished

Notes
Turn   | Place    | Note
-------+----------+-------------------------------------------
     0 | D:1      | Lusmu the Tengu Necromancer began the quest for the Orb.
     0 | D:1      | Reached XP level 1. HP: 10/10 MP: 4/4
   156 | D:1      | Reached XP level 2. HP: 15/15 MP: 0/6
   838 | D:1      | Reached XP level 3. HP: 18/19 MP: 7/7
   931 | D:1      | Found Impemouk's Antique Armour Boutique.
  1619 | D:2      | Found a faded altar of an unknown god.
  2026 | D:2      | Noticed Ijyb
  2064 | D:2      | Reached skill level 5 in Necromancy
  2064 | D:2      | Reached XP level 4. HP: 12/24 MP: 3/9
  2069 | D:2      | Killed Ijyb
  2627 | D:3      | Found a shimmering blue altar of Sif Muna.
  2694 | D:3      | Found a snail-covered altar of Cheibriados.
  2745 | D:3      | Gained mutation: Your magical nature lets you fly swiftly
                  | and evasively. [Tengu growth]
  2745 | D:3      | Reached XP level 5. HP: 6/28 MP: 4/10
  2813 | D:3      | Identified the +5 dagger of Outrage {speed, rC- Str+2
                  | Dex+5}
  2992 | D:3      | You are sucked into a shaft and drop 3 floors!
  3020 | D:6      | Noticed a kobold brigand
  3048 | D:6      | Noticed an ice beast
  3067 | D:6      | Noticed a water moccasin
  3100 | D:5      | Entered Level 5 of the Dungeon
  3100 | D:5      | Noticed an ogre
  3114 | D:4      | Slain by a bullfrog

Illustrated notes

Levels and vault maps discovered:
D:1:      ncdulo_halloftheorcs, layout_basic, serial_shops, shop, minmay_cupped
D:2:      kennysheep_the_goblin_king, layout_basic,
          shapermc_ecumenical_altar_ellora
D:3:      layout_basic, mainiacjoe_overflow_catwalk_spiral
D:4:      layout_basic, serial_shops, nicolae_square_shop, uniq_robin
D:5:      layout_gridville, minmay_temple_entry_antechambers,
          kennysheep_generic_room_5, uniq_ijyb
D:6:      layout_basic, minmay_door_square

Skill      XL: |  1  2  3  4 |
---------------+-------------+-----
Stealth        | 3 |  3.6
Necromancy     | 5 |  5.4
Spellcasting   | 3 |  3.2
Dodging        | |  2.1

Action                     |  1- 3 |  4- 6 || total
---------------------------+-------+-------++-------
  Melee: Unarmed           |     3 |       ||     3
         Kick              |     7 |     5 ||    12
         Mace              |    43 |     2 ||    45
         Peck              |     6 |     3 ||     9
         Club              |     2 |       ||     2
         Short sword       |       |     8 ||     8
         Dagger            |       |     6 ||     6
  Throw: Dart              |     2 |       ||     2
   Cast: Necrotise         |    46 |    14 ||    60
    Use: Scroll            |     4 |     3 ||     7
         Potion            |       |     2 ||     2
   Stab: Sleeping          |     7 |     5 ||    12
 Armour: Robe              |    19 |     4 ||    23
  Dodge: Dodged            |    33 |    41 ||    74

Table legend: (Time is in decaauts)
 A = Elapsed time spent in this place.
 B = Non-inter-level travel time spent in this place.
 C = Inter-level travel time spent in this place.
 D = Time resting spent in this place.
 E = Time spent auto-exploring this place.
 F = Levels seen in this place.
 G = Mean time per level.
                   A        B        C        D        E       F      G
               +--------+--------+--------+--------+--------+-----+--------+
         Total |   3099 |   3004 |     95 |    145 |   2085 |   6 |  516.5 |
       Dungeon |   3099 |   3004 |     95 |    145 |   2085 |   6 |  516.5 |
               +--------+--------+--------+--------+--------+-----+--------+

Top non-repeatable levels by time:
     D:2: 1481 daAuts
     D:1: 1137 daAuts
     D:3: 371 daAuts
     D:6: 96 daAuts
     D:5: 10 daAuts
     D:4: 1 daAuts
